 Dungeon Crawl Stone Soup version 0.31-a0-188-g5e087ee2ca (webtiles) character file.

Game seed: 3925482606447922888

36 qw the Shooter (level 3, -2/20 HPs)
             Began as a Deep Elf Hunter on June 23, 2023.
             Slain by a hobgoblin (4 damage)
             ... led by Robin
             ... on level 2 of the Dungeon.
             The game lasted 00:00:17 (799 turns).

qw the Shooter (Deep Elf Hunter)                     Turns: 799, Time: 00:00:17

Health: -2/20      AC:  5    Str: 10    XL:     3   Next: 19%
Magic:  5/5        EV: 11    Int: 13    God:
Gold:   15         SH:  0    Dex: 18    Spells: 2/2 levels left

rFire   . . .        Y - +0 shortbow
rCold   . . .        (shield currently unavailable)
rNeg    . . .        h - +0 ring mail
rPois   .            (no helmet)
rElec   .            (no cloak)
rCorr   .            (no gloves)
SInv    .            (no boots)
Will    .....        (no amulet)
Stlth   +            (no ring)
HPRegen 0.23/turn    (no ring)
MPRegen 0.09/turn

%: no passive effects
@: no status effects
A: no striking features
a: no special abilities


You were on level 2 of the Dungeon.
You visited 1 branch of the dungeon, and saw 2 of its levels.

You collected 15 gold pieces.


   Skills:
 - Level 1.5 Fighting
 + Level 6.8 Ranged Weapons
 - Level 2.4 Dodging
 - Level 1.2 Stealth


You had 2 spell levels left.
You didn't know any spells.
Your spell library was empty.

Inventory:

Hand Weapons
 Y - a +0 shortbow (weapon)
Armour
 h - a +0 ring mail (worn)
Scrolls
 a - a scroll of vulnerability {unknown}
Potions
 e - a potion of enlightenment {unknown}
 f - a potion of curing {unknown}
 l - a potion of degeneration {unknown}

Dungeon Overview and Level Annotations

Branches:
Dungeon (2/15)

Altars:

Annotations:
D:2 Robin


Message History

You shoot an arrow. The arrow hits the hobgoblin.
You kill the hobgoblin!
You hear a shout!
The hobgoblin hits you but does no damage.
A hobgoblin comes into view.
The hobgoblin barely misses you.
You shoot an arrow. The arrow closely misses the goblin.
The goblin unwields a +0 sling.
The goblin wields a +0 club.
The goblin hits you but does no damage. The hobgoblin barely misses you.
The goblin hits you with a +0 dagger.
You shoot an arrow. The arrow hits the goblin.
You kill the goblin!
The goblin completely misses you.
Robin roars a battlecry!
The goblins go into a battle-frenzy!
The hobgoblin hits you but does no damage.
You shoot an arrow. The arrow hits the goblin.
You kill the goblin!
Robin throws the goblin at you!
A hobgoblin comes into view.
The hobgoblin hits you. The goblin hits you with a +0 club.
You shoot an arrow. The arrow barely misses the hobgoblin.
The goblin closely misses you. The hobgoblin hits you.
The goblin hits you with a +0 club. The hobgoblin closely misses you.
You shoot an arrow. The arrow hits Robin.
Robin is lightly wounded.
Robin barely misses you. The goblin closely misses you.
The hobgoblin hits you but does no damage.
You shoot an arrow. The arrow hits Robin.
Robin is moderately wounded.
The hobgoblin hits you. x2
Robin roars a battlecry!
The hobgoblin goes into a battle-frenzy!
The goblin closely misses you.
You shoot an arrow.
The arrow hits Robin but does no damage.
Robin is moderately wounded.
The hobgoblin barely misses you. The goblin closely misses you.
The hobgoblin hits you.
You die...

##.<.####.#........#
#...........#####..#
##...####..## #...
##.## #..# #.## #.#
#### #.# #.# #.# #.#
#.# ####g#### ...
#..g@g..# #.##g##.#
# .g# # .### .% #.
##


You could see Robin, 3 hobgoblins and a goblin (strong).

Vanquished Creatures
  A worm (D:2)
  2 dart slugs (D:1)
  6 hobgoblins
  2 jackals (D:1)
  2 kobolds (D:1)
  A quokka (D:1)
  4 bats (D:1)
  5 goblins
  4 rats (D:1)
27 creatures vanquished.

Notes
Turn   | Place    | Note
-------+----------+-------------------------------------------
     0 | D:1      | qw the Deep Elf Hunter began the quest for the Orb.
     0 | D:1      | Reached XP level 1. HP: 12/12 MP: 3/3
     0 | D:1      | 0 ||| qw: Version: 0.3-a-9-g12657ce
     0 | D:1      | 0 ||| qw: Game counter: 3241
     0 | D:1      | 0 ||| qw: Always use a shield: true
     0 | D:1      | 0 ||| qw: God list: Okawaru
     0 | D:1      | 0 ||| qw: Allow faded altars: false
     0 | D:1      | 0 ||| qw: Do Orc after D:15 true
     0 | D:1      | 0 ||| qw: Do second Lair branch before Depths: true
     0 | D:1      | 0 ||| qw: Lair rune preference: random
     0 | D:1      | 0 ||| qw: Plans: Normal
     0 | D:1      | 0 ||| PLANNING D:1-11
   207 | D:1      | Reached skill level 6 in Ranged Weapons
   207 | D:1      | Reached XP level 2. HP: 16/16 MP: 4/4
   271 | D:1      | Found a faded altar of an unknown god.
   655 | D:1      | 655 ||| UPGRADING to +0 scale mail.
   665 | D:1      | 665 ||| DROPPING +0 leather armour.
   666 | D:1      | 666 ||| UPGRADING to +0 ring mail.
   676 | D:1      | 676 ||| DROPPING +0 scale mail.
   677 | D:1      | 677 ||| READING 2 scrolls labelled OGGUEQU HOKE.
   678 | D:1      | 678 ||| READING scroll labelled FOPESOBBYO.
   679 | D:1      | 679 ||| READING scroll labelled HEANWA CIBOMI.
   683 | D:1      | 683 ||| READING scroll labelled BYSOFRI IDAJOI.
   684 | D:1      | 684 ||| DROPPING scroll of blinking.
   685 | D:1      | 685 ||| DROPPING scroll of butterflies.
   781 | D:2      | Reached XP level 3. HP: 20/20 MP: 5/5
   791 | D:2      | Noticed Robin
   796 | D:2      | HP: 4/20 [goblin/+0 club[Robin] (3)]
   799 | D:2      | Slain by a hobgoblin

Levels and vault maps discovered:
D:1:      nzn_arrival_settlement, layout_basic,
          dreamdust_ecumenical_altar_statues
D:2:      layout_loops_cross, chequers_arboretum, minmay_misc_feat_room,
          uniq_robin, uniq_crazy_yiuf_cottage

Skill      XL: |  1 |
---------------+----+-----
Ranged Weapons | 6 |  6.8
Fighting       | |  1.5
Dodging        | |  2.4
Stealth        | |  1.2

Action                     || total
---------------------------++-------
   Fire: Shortbow          ||    59
    Use: Scroll            ||     4
 Armour: Leather armour    ||     2
         Ring mail         ||     6
  Dodge: Dodged            ||    16

Table legend:
 A = Non-vault XP
 B = Vault XP
 C = Vault XP percentage of total XP
 D = Non-vault monster count
 E = Vault monster count
 F = Vault count percentage of total count
                 A         B        C        D         E       F
            +---------+---------+-------+---------+---------+-------
      Total |      41 |      11 |  21.2 |      21 |       6 |  22.2
            +---------+---------+-------+---------+---------+-------
        D:1 |      36 |       0 |   0.0 |      20 |       0 |   0.0
        D:2 |       5 |      11 |  68.8 |       1 |       6 |  85.7
            +---------+---------+-------+---------+---------+-------
